[Event "Titled Tuesday Blitz October 31 Late 2023"]
[White "Sjugirov, Sanan"]
[Black "Pantev, Veselin"]
[WhiteFideId "4189302"]
[BlackFideId "2901390"]
[WhiteElo "2940"]
[BlackElo "2684"]
[Result "1-0"]
[Round "3"]
[TimeControl "180+1"]
[Date "2023.10.31"]
[WhiteClock "0:00:14"]
[BlackClock "0:00:48"]
[Board "13"]

1. e4 c6 2. d4 d5 3. e5 Bf5 4. Nf3 e6 5. Be2 Ne7 6. O-O Nd7 7. Nbd2 Bg4 8. h3 Bxf3 9. Nxf3 Nf5 10. Bd3 Be7 11. Bxf5 exf5 12. Qd3 g6 13. Bh6 Nf8 14. b3 Ne6 15. c4 Bf8 16. Bd2 Be7 17. Bh6 Bf8 18. Bxf8 Kxf8 19. h4 h5 20. Qd2 Kg7 21. Rfd1 Re8 22. Rac1 Qd7 23. Ng5 Nc7 24. Qf4 Rad8 25. Rd3 Ne6 26. Nxe6+ Rxe6 27. Rcd1 b5 28. cxb5 cxb5 29. Rc3 Rc8 30. Rc5 Rec6 31. b4 Ra6 32. Qd2 Rxc5 33. dxc5 d4 34. Qb2 Qd5 35. Qxd4 Qxd4 36. Rxd4 Rxa2 37. Rd7 Kf8 38. c6 Ke8 39. e6 fxe6 40. Rg7 Rc2 41. c7 e5 42. Kf1 e4 43. g3 a6 44. Ke1 Rc3 45. Kd2 Rc4 46. Ke3 Rc3+ 47. Kd4 Rc2 48. Ke5 Rc3 49. Kd6 Rd3+ 50. Ke6 1-0


[Site "https://www.chess.com"]

[Event "Titled Tuesday Blitz October 31 Late 2023"]
[White "Wu, Derek"]
[Black "Mahdavi, Reza"]
[WhiteFideId "30914558"]
[BlackFideId "12595926"]
[WhiteElo "2675"]
[BlackElo "2937"]
[Result "1/2-1/2"]
[Round "3"]
[TimeControl "180+1"]
[Date "2023.10.31"]
[WhiteClock "0:00:06"]
[BlackClock "0:00:05"]
[Board "14"]

1. b3 Nf6 2. Bb2 e6 3. Nf3 d5 4. e3 c5 5. c4 Nc6 6. cxd5 exd5 7. d4 cxd4 8. Nxd4 Bb4+ 9. Bc3 Qa5 10. Bxb4 Nxb4 11. Bb5+ Bd7 12. Bxd7+ Nxd7 13. O-O O-O 14. Qd2 Qb6 15. Nc3 Nf6 16. Rac1 Nc6 17. Rfd1 Ne7 18. h3 Rac8 19. Na4 Qd6 20. Qa5 a6 21. Qb6 Rxc1 22. Rxc1 Qa3 23. Rc7 Ng6 24. Qxb7 Qxa2 25. Qxa6 Ne4 26. Qe2 Qa1+ 27. Kh2 Qa3 28. Qc2 h6 29. Nf5 Qa1 30. Qb2 Qxb2 31. Nxb2 Rb8 32. Na4 Rxb3 33. Rc8+ Kh7 34. Rc7 Kg8 35. f3 Nf6 36. Nc5 Rc3 37. Na6 Rb3 38. Rc8+ Kh7 39. Rc7 Nh8 40. Nc5 Rb2 41. Nd6 Rc2 42. Na6 Ra2 43. Nb4 Rb2 44. Nd3 Rb3 45. Ne5 Rxe3 46. Nexf7 Nxf7 47. Nxf7 Re6 48. Nd8 Re8 49. Nc6 Re2 50. Nd4 Re5 51. f4 Re4 52. Nf5 Ne8 53. Rd7 Rxf4 54. Rxd5 Nf6 55. Ra5 Rf2 56. Kg3 Ne4+ 57. Kh2 Ng5 58. Kg3 Rf1 59. Ne3 Ne4+ 60. Kh2 Rf7 61. Ra4 Ng5 62. Rg4 Re7 63. Nf5 Rb7 64. Ng3 Ne6 65. h4 Nf8 66. Rc4 Nd7 67. Ra4 Nf6 68. Ra5 Rb4 69. Kh3 Rb1 70. Ra7 Kg6 71. h5+ Kh7 72. Nf5 Rh1+ 73. Kg3 Rxh5 74. Ne3 Rg5+ 75. Kf3 Rb5 76. g4 Rb3 77. Kf4 Rb4+ 78. Kf3 Kg6 79. Nf5 Nxg4 80. Nxg7 Ne5+ 81. Kg3 Rb3+ 82. Kh4 Nf3+ 83. Kg4 Ng5 84. Nh5 Rb4+ 85. Nf4+ Kf6 86. Ra6+ Kf7 87. Rxh6 Ne4 88. Kf5 Ng3+ 89. Kg4 Ne2 90. Rh7+ Kg8 91. Rc7 Nxf4 92. Kf3 Ng6 93. Ra7 Nf8 94. Ke3 Rg4 95. Kf3 Rb4 96. Ke3 Ng6 97. Kf3 Kf8 98. Ke3 Ne7 99. Kf3 Kf7 100. Rc7 Ke6 101. Ra7 Nd5 102. Kg3 Ke5 103. Ra6 Rb8 104. Kg4 Rg8+ 105. Kf3 Rf8+ 106. Kg4 Ne3+ 107. Kg3 Nf5+ 108. Kg4 Nd4 109. Ra5+ Ke4 110. Ra7 Rg8+ 111. Kh5 Kf4 112. Kh6 Kf5 113. Kh7 Rg1 114. Rg7 Re1 115. Kg8 Ne6 116. Rf7+ Kg6 117. Rf2 Rb1 118. Rg2+ Kf6 119. Rf2+ Ke7 120. Kh7 Rg1 121. Ra2 Nf8+ 122. Kh6 Nd7 123. Kh5 Kf6 124. Kh4 Ne5 125. Kh3 Kf5 126. Kh2 Rg7 127. Rf2+ Ke4 128. Rg2 Nf3+ 129. Kh3 Rh7+ 130. Kg3 Ke3 131. Ra2 Rg7+ 132. Kh3 Ng1+ 133. Kh4 Ne2 134. Ra3+ Ke4 135. Kh5 Nd4 136. Kh6 Nf5+ 137. Kh5 Ne7 138. Ra4+ Ke5 139. Ra5+ Nd5 140. Kh6 Rg2 141. Ra1 Nf4 1/2-1/2


[Site "https://www.chess.com"]

[Event "Titled Tuesday Blitz October 31 Late 2023"]
[White "Olsen, Filip Boe"]
[Black "Bauman_Guy"]
[WhiteFideId "1440640"]
[WhiteElo "2674"]
[BlackElo "2921"]
[Result "0-1"]
[Round "3"]
[TimeControl "180+1"]
[Date "2023.10.31"]
[WhiteClock "0:00:05"]
[BlackClock "0:00:08"]
[Board "15"]

1. d4 Nf6 2. c4 b6 3. Nf3 Bb7 4. g3 g6 5. Bg2 Bg7 6. O-O O-O 7. Re1 d6 8. h4 Nbd7 9. Nc3 e5 10. d5 a5 11. a3 Nc5 12. Bg5 h6 13. Be3 Ng4 14. Bxc5 bxc5 15. e4 Bc8 16. Rb1 Bd7 17. b4 axb4 18. axb4 Ra3 19. Qc1 cxb4 20. Rxb4 Qa8 21. Nb5 Ra2 22. Rb2 Rb8 23. Ree2 Ra1 24. Rb1 Rxb1 25. Qxb1 Qa4 26. Rb2 Qxc4 27. Bf1 Qc5 28. Nh2 Nxf2 29. Rxf2 Bxb5 30. Kg2 Bxf1+ 31. Qxf1 Qd4 32. Qe1 Rb4 33. Re2 Rb2 34. Nf3 Qb6 35. Rxb2 Qxb2+ 36. Qf2 Qxf2+ 37. Kxf2 h5 38. Nd2 Kf8 39. Nb1 f5 40. Kf3 Ke7 41. Nc3 Kd7 42. Nb5 c6 43. dxc6+ Kxc6 44. Nc3 Kc5 45. Nd5 Kd4 46. Ne7 fxe4+ 47. Ke2 Bf6 48. Nxg6 Kc3 49. Nf8 d5 50. Nd7 Bg7 51. Nc5 Kc4 52. Ne6 Bh6 53. Nd8 d4 54. Nf7 d3+ 55. Kd1 Bf8 56. Nxe5+ Kd4 57. Nc6+ Ke3 58. Nd8 Kf3 59. Ne6 Bd6 60. Ng5+ Ke3 61. Nf7 Bxg3 62. Nh6 Kf4 63. Ng8 e3 0-1


[Site "https://www.chess.com"]

[Event "Titled Tuesday Blitz October 31 Late 2023"]
[White "Ibarra Jerez, Jose Carlos"]
[Black "Al-Tarboush, Ward"]
[WhiteFideId "2226332"]
[BlackFideId "7601450"]
[WhiteElo "2914"]
[BlackElo "2659"]
[Result "1-0"]
[Round "3"]
[TimeControl "180+1"]
[Date "2023.10.31"]
[WhiteClock "0:01:14"]
[BlackClock "0:00:22"]
[Board "16"]

1. e4 c5 2. Nf3 e6 3. d3 Nc6 4. g3 d6 5. Bg2 Nf6 6. O-O Be7 7. c3 O-O 8. Re1 Bd7 9. Na3 a6 10. e5 dxe5 11. Nc4 Rc8 12. Ncxe5 b5 13. Qe2 Be8 14. Bd2 Qd6 15. Bf4 Nd5 16. Bd2 Bf6 17. Ng4 Be7 18. Rad1 Nd8 19. h4 Bc6 20. h5 h6 21. Nfe5 Ba8 22. Nxh6+ gxh6 23. Bxh6 Nf6 24. Bxa8 Rxa8 25. Bxf8 Bxf8 26. Qf3 Nd5 27. c4 Nc7 28. d4 cxd4 29. Qg4+ Kh8 30. Rxd4 Qe7 31. Rd7 Qf6 32. Qf4 Qxf4 33. gxf4 Bb4 34. Red1 1-0


[Site "https://www.chess.com"]

[Event "Titled Tuesday Blitz October 31 Late 2023"]
[White "Harsha Bharathakoti"]
[Black "Tanaka, Taira Tyler"]
[WhiteFideId "5078776"]
[BlackFideId "7002351"]
[WhiteElo "2912"]
[BlackElo "2651"]
[Result "0-1"]
[Round "3"]
[TimeControl "180+1"]
[Date "2023.10.31"]
[WhiteClock "0:02:07"]
[BlackClock "0:01:29"]
[Board "17"]

1. c4 c5 2. Nf3 Nc6 3. Nc3 g6 4. e3 Nf6 5. d4 cxd4 6. exd4 d5 7. cxd5 Nxd5 8. Qb3 Nxc3 9. Bc4 e6 10. bxc3 Na5 11. Bb5+ Bd7 12. Qa4 Nc6 13. O-O a6 14. Be2 Bg7 15. Ba3 Nxd4 16. Qd1 Nxe2+ 17. Qxe2 Bf8 18. Qe5 f6 0-1


[Site "https://www.chess.com"]

[Event "Titled Tuesday Blitz October 31 Late 2023"]
[White "ArtemDyachuk"]
[Black "Mikaelyan, Arman"]
[BlackFideId "13304852"]
[WhiteElo "2629"]
[BlackElo "2898"]
[Result "1-0"]
[Round "3"]
[TimeControl "180+1"]
[Date "2023.10.31"]
[WhiteClock "0:00:34"]
[BlackClock "0:00:18"]
[Board "18"]

1. e4 e5 2. Nf3 Nc6 3. Bb5 a6 4. Ba4 Nf6 5. d3 d6 6. c3 Be7 7. O-O O-O 8. Nbd2 b5 9. Bc2 d5 10. exd5 Nxd5 11. Re1 f6 12. Nf1 Kh8 13. Ng3 b4 14. d4 bxc3 15. bxc3 exd4 16. Nxd4 Nxd4 17. Qxd4 f5 18. Nh5 Nf6 19. Qxd8 Bxd8 20. Ba3 Rg8 21. Bb3 Bb7 22. Bxg8 Kxg8 23. Rad1 Kf7 24. Nf4 c6 25. h4 Ba5 26. Re7+ Kg8 27. Rxb7 Bxc3 28. Ne6 Ne4 29. Rdd7 Re8 30. Nxg7 Re5 31. Rd8+ 1-0


[Site "https://www.chess.com"]

[Event "Titled Tuesday Blitz October 31 Late 2023"]
[White "Kravtsiv, Martyn"]
[Black "Bartel, Michal"]
[WhiteFideId "14113147"]
[BlackFideId "1119257"]
[WhiteElo "2890"]
[BlackElo "2603"]
[Result "1-0"]
[Round "3"]
[TimeControl "180+1"]
[Date "2023.10.31"]
[WhiteClock "0:00:23"]
[BlackClock "0:00:47"]
[Board "19"]

1. e4 e5 2. Nf3 Nc6 3. Nc3 Nf6 4. a4 a6 5. d4 exd4 6. Nxd4 Bb4 7. Nxc6 bxc6 8. Bd3 O-O 9. O-O Re8 10. Bg5 h6 11. Bh4 g5 12. Bg3 Bxc3 13. bxc3 Nxe4 14. Qh5 Qf6 15. Rae1 d5 16. f3 Nd6 17. Rxe8+ Nxe8 18. f4 Ng7 19. Qe2 g4 20. f5 Bd7 21. Qxg4 Qg5 22. Qxg5 hxg5 23. Bxc7 Re8 24. g4 f6 25. Rb1 c5 26. c4 d4 27. Rb6 Kf7 28. Rxa6 Re1+ 29. Kf2 Ra1 30. a5 Ne8 31. Bb6 Rh1 32. Ra7 Ke7 33. Bxc5+ Kd8 34. a6 Rxh2+ 35. Kg3 Rh1 36. Ra8+ Kc7 37. Be4 Re1 38. Rxe8 Bxe8 39. a7 Rxe4 40. a8=Q Re3+ 41. Kf2 Bc6 42. Qa7+ Bb7 43. Qb6+ Kd7 44. Qxb7+ 1-0


[Site "https://www.chess.com"]

[Event "Titled Tuesday Blitz October 31 Late 2023"]
[White "Sivakumar, Shaaketh"]
[Black "Kazakouski, Valery"]
[WhiteFideId "30940176"]
[BlackFideId "13507443"]
[WhiteElo "2596"]
[BlackElo "2880"]
[Result "0-1"]
[Round "3"]
[TimeControl "180+1"]
[Date "2023.10.31"]
[WhiteClock "0:00:02"]
[BlackClock "0:00:05"]
[Board "20"]

1. e4 c5 2. Nf3 a6 3. g3 b5 4. Bg2 Bb7 5. d4 cxd4 6. Nxd4 e6 7. O-O Qc7 8. Nc3 b4 9. Bf4 d6 10. Nd5 exd5 11. exd5 Be7 12. Nf5 g6 13. Qd4 f6 14. Nxe7 Nxe7 15. Qxf6 Rf8 16. Qe6 Qd7 17. Qe3 Kf7 18. Rfe1 Nf5 19. Qe6+ Kg7 20. g4 Nh4 21. Qxd6 Qxd6 22. Bxd6 Rf7 23. Be5+ Kg8 24. Be4 Nd7 25. f4 Re8 26. Bh1 g5 27. Bd4 Rxe1+ 28. Rxe1 Rxf4 29. Bf2 Nf3+ 30. Bxf3 Rxf3 31. Re7 Rf7 32. Re8+ Nf8 33. d6 Bc6 34. Bc5 Bxe8 35. d7 Nxd7 0-1


[Site "https://www.chess.com"]

[Event "Titled Tuesday Blitz October 31 Late 2023"]
[White "Aravindh, Chithambaram VR."]
[Black "Ordekalog"]
[WhiteFideId "5072786"]
[WhiteElo "2876"]
[BlackElo "2589"]
[Result "1-0"]
[Round "3"]
[TimeControl "180+1"]
[Date "2023.10.31"]
[WhiteClock "0:00:37"]
[BlackClock "0:00:09"]
[Board "21"]

1. e4 c5 2. Nf3 Nc6 3. d4 cxd4 4. Nxd4 Qb6 5. Nb3 e6 6. Nc3 Nf6 7. Be3 Qc7 8. a3 a6 9. g4 d6 10. g5 Nd7 11. f4 b5 12. Qf3 Bb7 13. O-O-O Be7 14. Kb1 b4 15. axb4 Nxb4 16. h4 O-O 17. g6 f5 18. Nd4 Rfc8 19. Nxe6 Qa5 20. Qh5 h6 21. Bd4 Rxc3 22. Bxc3 Qa2+ 23. Kc1 Rc8 24. Rh3 Bf6 25. Qxf5 Rxc3 26. Rxc3 Qa1+ 27. Kd2 Qxb2 28. e5 Nd5 29. Rb3 Qd4+ 30. Nxd4 1-0


[Site "https://www.chess.com"]

[Event "Titled Tuesday Blitz October 31 Late 2023"]
[White "balachess2006"]
[Black "Gokerkan, Cem Kaan"]
[BlackFideId "6336760"]
[WhiteElo "2581"]
[BlackElo "2869"]
[Result "1-0"]
[Round "3"]
[TimeControl "180+1"]
[Date "2023.10.31"]
[WhiteClock "0:01:45"]
[BlackClock "0:00:13"]
[Board "22"]

1. Nf3 Nf6 2. c4 e6 3. Nc3 d5 4. e3 Be7 5. b3 O-O 6. Bb2 b6 7. Rc1 Bb7 8. d4 Nbd7 9. cxd5 Nxd5 10. Be2 c5 11. O-O Rc8 12. Nxd5 Bxd5 13. Ba6 Rc7 14. Qe2 Qa8 15. Rfd1 Nb8 16. Bd3 Bxf3 17. gxf3 Nc6 18. dxc5 Bxc5 19. Be4 Qc8 20. f4 Ne7 21. Be5 a5 22. Bxc7 Qxc7 23. Qd3 g6 24. Qd7 Qb8 25. Qb7 Qe8 26. Rd7 Nf5 27. Rcd1 Nh4 28. Qc7 Kg7 29. Rd8 Qb5 30. Rxf8 Bxf8 31. Qe5+ Qxe5 32. fxe5 Bc5 33. Kf1 g5 34. Ke2 h5 35. h3 Ba3 36. Rg1 Kh6 37. f4 gxf4 38. exf4 Bc5 39. Rg8 Bd4 40. Rh8+ Kg7 41. Rxh5 1-0


[Site "https://www.chess.com"]

[Event "Titled Tuesday Blitz October 31 Late 2023"]
[White "Shapiro, Viktor"]
[Black "Asadli, Vugar"]
[WhiteFideId "4175700"]
[BlackFideId "13405764"]
[WhiteElo "2576"]
[BlackElo "2860"]
[Result "0-1"]
[Round "3"]
[TimeControl "180+1"]
[Date "2023.10.31"]
[WhiteClock "0:00:33"]
[BlackClock "0:00:36"]
[Board "23"]

1. c4 Nf6 2. Nc3 g6 3. g3 Bg7 4. Bg2 O-O 5. Nf3 d6 6. O-O e5 7. d3 Nc6 8. Rb1 Nd4 9. e3 Nxf3+ 10. Bxf3 c6 11. b4 Bh3 12. Re1 d5 13. b5 Rc8 14. bxc6 bxc6 15. Ba3 Re8 16. Qa4 e4 17. dxe4 dxe4 18. Red1 Qc7 19. Bg2 Bxg2 20. Kxg2 Qe5 21. Qc2 h5 22. h3 Nh7 23. Bb2 Qf5 24. Ne2 Qf3+ 25. Kg1 Ng5 26. Nf4 Bxb2 27. Qxb2 h4 28. gxh4 Nxh3+ 29. Nxh3 Qxh3 30. Qf6 Re6 31. Qg5 Kg7 32. Rb7 Rh8 33. Rdd7 Rf6 34. Qe5 Rf8 35. Rd6 Qxh4 36. Rxa7 Qxf2+ 37. Kh1 Rh8+ 0-1


[Site "https://www.chess.com"]

[Event "Titled Tuesday Blitz October 31 Late 2023"]
[White "Alexandre, Anne Shopie Elizabeth"]
[Black "Sanchez Alvares, Kelvin Antonio"]
[WhiteFideId "11902418"]
[BlackFideId "3906680"]
[WhiteElo "2846"]
[BlackElo "2575"]
[Result "1-0"]
[Round "3"]
[TimeControl "180+1"]
[Date "2023.10.31"]
[WhiteClock "0:00:34"]
[BlackClock "0:00:00"]
[Board "24"]

1. c4 Nf6 2. Nc3 e6 3. e4 Bb4 4. e5 Ng8 5. Qg4 g6 6. a3 Be7 7. Nf3 c5 8. h4 h5 9. Qf4 Nc6 10. d4 cxd4 11. Nxd4 d6 12. Nxc6 bxc6 13. exd6 Qxd6 14. Qf3 Bb7 15. Ne4 Qe5 16. Bd2 c5 17. Bc3 Qxe4+ 18. Qxe4 Bxe4 19. Bxh8 f6 20. f3 Bc6 21. Bd3 Kf7 22. O-O-O Nh6 23. Bxf6 Bxf6 24. b4 Nf5 25. Be4 Bxe4 26. fxe4 Nd4 27. b5 a6 28. a4 axb5 29. axb5 Ra4 30. Rhf1 Rxc4+ 31. Kd2 Ke7 32. Rb1 Rb4 33. Rxb4 cxb4 34. b6 Be5 35. Kd3 Nc6 36. Kc4 Kd6 37. Rd1+ Ke7 38. Kc5 Na5 39. Kxb4 Nb7 40. Kb5 Nd6+ 41. Kc6 Bg3 42. Rd3 Be5 43. b7 Kf6 44. Rxd6 Bxd6 45. Kxd6 1-0


[Site "https://www.chess.com"]

[Event "Titled Tuesday Blitz October 31 Late 2023"]
[White "Yanchenko, Roman"]
[Black "Jaskolka, Tomasz"]
[WhiteFideId "4137329"]
[BlackFideId "1170791"]
[WhiteElo "2833"]
[BlackElo "2571"]
[Result "1-0"]
[Round "3"]
[TimeControl "180+1"]
[Date "2023.10.31"]
[WhiteClock "0:00:20"]
[BlackClock "0:00:06"]
[Board "25"]

1. d4 d5 2. Nf3 Nf6 3. c4 c6 4. Nc3 a6 5. Bg5 Ne4 6. cxd5 Nxg5 7. Nxg5 cxd5 8. Nf3 Nc6 9. e3 Bg4 10. Qb3 Bxf3 11. gxf3 e6 12. Rc1 Bb4 13. a3 Bxc3+ 14. Rxc3 Qd7 15. f4 g6 16. h4 h5 17. Rg1 Rc8 18. Bd3 Ne7 19. Rc5 Rxc5 20. dxc5 d4 21. Be4 Nc6 22. Ke2 O-O 23. Qd3 Ne7 24. Qxd4 Qb5+ 25. Kf3 Nf5 26. Qf6 Qxc5 27. b4 Qb5 28. Rc1 Qd7 29. Bxf5 exf5 30. Qe5 Rd8 31. Kg3 Qd2 32. Qc7 Rd7 33. Qc8+ Kh7 34. Rc7 Rxc7 35. Qxc7 Qd5 36. Qe7 Kg7 37. Qe5+ Qxe5 38. fxe5 Kf8 39. e4 fxe4 40. Kf4 Ke7 41. Kxe4 f6 42. f4 Ke6 43. Kd4 b6 44. a4 fxe5+ 45. fxe5 Ke7 46. Kd5 Kd7 47. e6+ Ke7 48. Ke5 g5 49. hxg5 h4 50. g6 h3 51. g7 h2 52. g8=Q h1=Q 53. Qf7+ Kd8 54. Qd7# 1-0


[Site "https://www.chess.com"]

[Event "Titled Tuesday Blitz October 31 Late 2023"]
[White "Roebers, Eline"]
[Black "Kobo, Ori"]
[WhiteFideId "1058401"]
[BlackFideId "2812320"]
[WhiteElo "2567"]
[BlackElo "2812"]
[Result "0-1"]
[Round "3"]
[TimeControl "180+1"]
[Date "2023.10.31"]
[WhiteClock "0:00:05"]
[BlackClock "0:00:07"]
[Board "26"]

1. e4 c5 2. Nf3 d6 3. d4 cxd4 4. Nxd4 Nf6 5. Nc3 Nc6 6. Nd5 Nxd5 7. exd5 Qa5+ 8. Bd2 Qxd5 9. Nb5 Qe6+ 10. Be2 Qd7 11. c4 a6 12. Nc3 e6 13. Be3 Be7 14. O-O O-O 15. f4 Rb8 16. Qd2 Qc7 17. Rac1 Qa5 18. Bf3 Bd7 19. Rfd1 Rfd8 20. a4 Bf8 21. Qf2 Rdc8 22. Ne4 Qxa4 23. Nxd6 Bxd6 24. Rxd6 Be8 25. Bb6 Ne7 26. Bd1 Qb4 27. Rd3 Nd5 28. Rb3 Qd6 29. Ba7 Ra8 30. g3 Nf6 31. Be3 Bc6 32. Bc2 Rd8 33. Bb6 Rd7 34. Rd3 Qe7 35. Rcd1 Rxd3 36. Bxd3 h6 37. Bc5 Qe8 38. Bb6 Rc8 39. Qe3 Ba4 40. Rc1 Qc6 41. Bd4 Qd7 42. Bc3 Ng4 43. Qf3 f5 44. Bb1 Bc6 45. Qe2 Rd8 46. Re1 Re8 47. Bc2 Nf6 48. Bxf6 gxf6 49. Qh5 Kg7 50. Rd1 Qf7 51. Qe2 Re7 52. Rd6 Qe8 53. c5 Qf7 54. Qd3 Bd5 55. Qd2 Rc7 56. b4 a5 57. Bxf5 axb4 58. Bg4 Rxc5 59. Qxb4 Qc7 60. Qd4 Rc1+ 61. Kf2 Qxd6 62. Qd2 Qc5+ 63. Qe3 Rc2+ 64. Be2 Qxe3+ 65. Kxe3 Rxe2+ 66. Kxe2 b5 67. Kd3 f5 68. Kd4 Bc4 69. Kc5 Kf6 70. Kb4 0-1


[Site "https://www.chess.com"]

[Event "Titled Tuesday Blitz October 31 Late 2023"]
[White "Sokolovsky, Yahli"]
[Black "Hajiyev, Kanan"]
[WhiteFideId "2820242"]
[BlackFideId "13404148"]
[WhiteElo "2797"]
[BlackElo "2566"]
[Result "1/2-1/2"]
[Round "3"]
[TimeControl "180+1"]
[Date "2023.10.31"]
[WhiteClock "0:00:06"]
[BlackClock "0:00:15"]
[Board "27"]

1. b3 Nf6 2. Bb2 b6 3. e3 Bb7 4. Nf3 g6 5. Bxf6 exf6 6. d4 Bg7 7. g3 O-O 8. Bg2 f5 9. O-O d6 10. Ne1 Qc8 11. Nd2 Nd7 12. c3 Nf6 13. Bxb7 Qxb7 14. Qf3 Qxf3 15. Nexf3 a5 16. a4 Ne4 17. Rfc1 Rfe8 18. Kf1 h5 19. h4 Kf8 20. Ke2 Ke7 21. Ne1 Kd7 22. Nd3 Rab8 23. Ra3 Bf8 24. Ra2 Bg7 25. Nc4 Re7 26. Kd1 Ra8 27. Kc2 Ree8 28. Rb1 Reb8 29. Rba1 Ra7 30. Rb2 Rba8 31. Ra3 Nf6 32. Raa2 Nd5 33. Rb1 Nf6 34. Nd2 Ne4 35. Rf1 Bh6 36. Nb2 Rb8 37. Nbc4 Bg7 38. Kd3 Nf6 39. Na3 Raa8 40. Nb5 c6 41. Na3 Nd5 42. Nac4 Rb7 43. Rfa1 Re8 44. Nf3 Bf6 45. Rb1 Ra8 46. Nfd2 Bg7 47. Nf1 Bf6 48. Nh2 Bg7 49. Rab2 Bf6 50. Nf3 Be7 51. Ra2 Nf6 52. Ng5 Ke8 53. Nd2 Nd5 54. Ndf3 Nf6 55. Ng1 Ng4 56. N1h3 Nf6 57. Nf4 Nd7 58. Rab2 Nf8 59. b4 axb4 60. Rxb4 Bxg5 61. hxg5 Ra6 62. d5 c5 63. Rb5 Nd7 64. a5 Ke7 65. Ke2 Ne5 66. Rxb6 Raxb6 67. Rxb6 Rxb6 68. axb6 Kd7 69. e4 fxe4 70. Ke3 Nc4+ 71. Kxe4 Nxb6 72. Nd3 Nc4 73. Ne1 Nd2+ 74. Ke3 Nb1 75. Kd3 Na3 76. c4 Ke7 77. Kc3 Nb1+ 78. Kc2 Na3+ 79. Kb3 Nb1 80. Nf3 f6 81. gxf6+ Kxf6 82. Kb2 Kf5 83. Kxb1 Ke4 84. Ng5+ Kd3 85. Nh7 Kxc4 86. Nf6 Kd4 87. Kc1 Ke5 88. Ng8 Kxd5 89. Ne7+ Ke4 90. Nxg6 Kf3 91. Ne7 Kxf2 92. Nf5 d5 93. Kd2 Kf3 94. Ng7 Kg4 95. Kd3 Kxg3 96. Nxh5+ Kg4 97. Nf6+ Kf5 98. Nxd5 c4+ 99. Kxc4 1/2-1/2


[Site "https://www.chess.com"]

[Event "Titled Tuesday Blitz October 31 Late 2023"]
[White "Javakhadze, Zurab"]
[Black "Toropov, Pavel"]
[WhiteFideId "13603647"]
[BlackFideId "24129178"]
[WhiteElo "2787"]
[BlackElo "2562"]
[Result "1/2-1/2"]
[Round "3"]
[TimeControl "180+1"]
[Date "2023.10.31"]
[WhiteClock "0:00:13"]
[BlackClock "0:00:30"]
[Board "28"]

1. Nf3 d5 2. g3 Nf6 3. Bg2 c5 4. O-O Nc6 5. d4 e6 6. c4 dxc4 7. Ne5 Nxe5 8. dxe5 Qxd1 9. Rxd1 Nd7 10. Na3 Be7 11. Nxc4 O-O 12. Na5 Rb8 13. Bxb7 Nxe5 14. Bf4 Bf6 15. Bxc8 Rfxc8 16. Rac1 h6 17. b3 Rb5 18. Bxe5 Rxa5 19. Bxf6 gxf6 20. Rd2 Kf8 21. Rc4 Ke7 22. Rh4 f5 23. Kf1 Rb5 24. e3 Rb4 25. Rxh6 c4 26. bxc4 Rcxc4 27. Rh8 Rc1+ 28. Ke2 Ra1 29. Rc8 Ra4 30. Rcc2 a5 31. h4 Ra3 32. Rc7+ Kf6 33. Rdd7 R3xa2+ 34. Kf3 Rf1 35. Rxf7+ Ke5 36. e4 Rfxf2+ 37. Ke3 Rfe2+ 38. Kd3 fxe4+ 39. Kc4 Rac2+ 40. Kb3 Ra2 41. Rc5+ Kd4 42. Rc4+ Kd5 43. Rd7+ Ke5 44. Rc5+ Kf6 45. Rd4 Rad2 46. Rcc4 Rxd4 47. Rxd4 Re3+ 48. Kc4 Rxg3 49. Rxe4 Kf5 50. Re1 Rg4+ 51. Kb5 a4 52. Rf1+ Kg6 53. Re1 Kf6 54. Rf1+ Ke7 55. Rh1 Kf6 56. h5 Kg7 57. h6+ Kh7 58. Re1 Rg6 59. Kxa4 Kxh6 60. Kb3 Kg5 61. Kc4 Kf4 62. Kd4 Kf5 63. Rf1+ Kg5 64. Rg1+ Kf6 65. Rxg6+ Kxg6 66. Ke5 Kf7 67. Ke4 Ke7 68. Kf4 Kf6 69. Ke4 e5 70. Ke3 Ke6 71. Ke4 Kd6 72. Ke3 Kd5 73. Kd3 e4+ 74. Ke3 Ke5 75. Ke2 Kd4 76. Kd2 e3+ 77. Ke2 Ke4 78. Ke1 Kd3 79. Kd1 Kd4 80. Ke2 Ke4 81. Ke1 Kf3 82. Kf1 e2+ 83. Ke1 Ke3 1/2-1/2


[Site "https://www.chess.com"]

[Event "Titled Tuesday Blitz October 31 Late 2023"]
[White "Deeper44"]
[Black "Horton, Andrew P"]
[BlackFideId "424269"]
[WhiteElo "2548"]
[BlackElo "2763"]
[Result "0-1"]
[Round "3"]
[TimeControl "180+1"]
[Date "2023.10.31"]
[WhiteClock "0:00:09"]
[BlackClock "0:00:11"]
[Board "29"]

1. d4 Nf6 2. c4 d6 3. Nf3 Nbd7 4. g3 e5 5. Bg2 Be7 6. O-O c6 7. Nc3 O-O 8. Qc2 Qc7 9. Rd1 Re8 10. b3 Bf8 11. e4 a6 12. h3 b5 13. cxb5 cxb5 14. a3 Bb7 15. Nh4 Nxe4 16. Bxe4 Bxe4 17. Qxe4 Qxc3 18. Be3 Nf6 19. Qd3 Rac8 20. dxe5 dxe5 21. a4 e4 22. Qxc3 Rxc3 23. axb5 axb5 24. Rab1 Rd3 25. Nf5 Nd5 26. Rxd3 exd3 27. Bd4 g6 28. Ne3 Nxe3 29. Bxe3 Bb4 30. Rd1 Rd8 31. Kf1 Bc3 32. Kg2 f5 33. Kf3 Kf7 34. g4 Ke6 35. gxf5+ Kxf5 36. Rc1 b4 37. Rd1 Rd7 38. Rg1 Kf6 39. Bg5+ Ke6 40. Be3 Rd5 41. Ke4 Kd6 42. Rd1 Rh5 43. Rxd3+ Ke6 44. Bf4 Rh4 45. Kf3 Rxh3+ 46. Bg3 Rh1 47. Rd6+ Ke7 48. Rb6 Rb1 49. Bd6+ Kd7 50. Bxb4 Rxb3 51. Bc5 Rxb6 52. Bxb6 Ke6 53. Be3 Kf5 54. Kg3 Bf6 55. Bd2 Bg5 56. Bc3 h5 57. Bd4 Bf6 58. Be3 Be5+ 59. Kh3 Bf4 60. Bc5 g5 61. Be7 Be5 62. f3 Bf6 63. Bd6 Be5 64. Be7 Bf6 65. Bd6 Bd8 66. Bb8 Be7 67. Bc7 Bf8 68. Bb8 Bc5 69. Bc7 Be3 70. Bd8 Bf4 71. Be7 Be5 72. Bc5 Kf4 73. Kg2 Bf6 74. Bb4 Kf5 75. Bd2 Be5 76. Bc1 Bf4 77. Bb2 Ke6 78. Bc3 Kf7 79. Bd4 Ke6 80. Bc5 Kd5 81. Be7 Kd4 82. Bf6+ Ke3 83. Bd8 Ke2 84. Bb6 h4 85. Bd8 Ke3 86. Bb6+ Ke2 87. Bd8 Be3 88. Bc7 h3+ 89. Kxh3 Kxf3 90. Bb8 Bf4 91. Ba7 g4+ 92. Kh4 Bg3+ 93. Kg5 Be1 94. Bb8 Bd2+ 95. Kh4 Bf4 96. Ba7 g3 97. Kh3 Be5 98. Bg1 Bf6 99. Bc5 Bc3 100. Bd6 g2 101. Bh2 Be5 102. Bg1 Bf4 103. Bc5 Bg3 104. Bg1 Bf2 105. Bh2 Be3 106. Kh4 Bf4 107. Bg1 Be3 108. Bh2 Bd4 109. Kh3 Bc5 110. Kh4 Ke2 111. Kh3 Kf1 112. Kh4 Bd6 113. Bg1 Kxg1 114. Kg4 Kf1 115. Kf5 g1=Q 116. Ke4 Qf2 117. Kd5 Qe2 118. Kc6 Bf4 119. Kd7 Bg3 120. Kc6 Bf2 121. Kd7 Kg2 122. Kc6 Kf3 123. Kd7 Ke3 124. Kc6 Qd3 125. Kc7 Qd5 0-1


[Site "https://www.chess.com"]

[Event "Titled Tuesday Blitz October 31 Late 2023"]
[White "Bashirli, Nail"]
[Black "Sreyas Payyappat"]
[WhiteFideId "13406809"]
[BlackFideId "46674969"]
[WhiteElo "2763"]
[BlackElo "2548"]
[Result "1-0"]
[Round "3"]
[TimeControl "180+1"]
[Date "2023.10.31"]
[WhiteClock "0:01:22"]
[BlackClock "0:00:22"]
[Board "30"]

1. e4 c6 2. Nc3 d5 3. d4 dxe4 4. Nxe4 Nf6 5. Nxf6+ exf6 6. c3 Bd6 7. Bd3 O-O 8. Qc2 Re8+ 9. Ne2 h5 10. O-O Nd7 11. Re1 Nf8 12. Be3 h4 13. h3 Bd7 14. c4 Bb8 15. Nf4 Qc7 16. Bf5 g5 17. Bxd7 Nxd7 18. Qf5 gxf4 19. Qg4+ Kf8 20. Bd2 f3 21. Bh6# 1-0


[Site "https://www.chess.com"]